 Dungeon Crawl Stone Soup version 0.28-b1-25-g9875b3fc8c (webtiles) character file.

Game seed: 1579263157595693430

82146 tilp the Severer (level 15, -16/115 HPs)
             Began as a Demonspawn Gladiator on Feb 6, 2022.
             Was the Champion of Okawaru.
             Demolished by a titanic slime creature (101 damage)
             ... on level 15 of the Dungeon.
             The game lasted 00:41:26 (21296 turns).

tilp the Severer (Demonspawn Gladiator)            Turns: 21296, Time: 00:41:27

Health: -16/115    AC: 18    Str: 22    XL:     15   Next: 28%
Magic:  22/22      EV: 11    Int: 10    God:    Okawaru [******]
Gold:   1678       SH: 14    Dex: 20    Spells: 14/14 levels left

rFire   + . .      SeeInvis +   a - +9 broad axe (flame)
rCold   . . .      Faith    .   y - +2 kite shield
rNeg    . . .      Spirit   .   p - +2 chain mail {rPois}
rPois   +          Reflect  .   (helmet unavailable)
rElec   .          Harm     .   B - +0 cloak
rCorr   .          Rampage  .   l - +0 pair of gloves
Will    +....                   v - +0 pair of boots
Stlth   ..........              m - amulet of regeneration
HPRegen 1.09/turn               C - ring of protection from fire
MPRegen 0.18/turn               t - +6 ring of dexterity

@: no status effects
A: antennae 3, molten scales 2, powered by death 1, powered by pain 2
a: Renounce Religion, Heroism, Finesse, Duel


You were on level 15 of the Dungeon.
You worshipped Okawaru.
Okawaru was exalted by your worship.
You visited 3 branches of the dungeon, and saw 23 of its levels.
You also visited: Gauntlet and Volcano.

You collected 2356 gold pieces.
You spent 678 gold pieces at shops.

Inventory:

Hand Weapons
 a - a +9 broad axe of flaming (weapon)
 b - the +8 war axe of Execution {venom, rCorr Dex+4}
   (You took it off an orc priest on level 9 of the Dungeon)

   It poisons the flesh of those it strikes.
   Dex:       It affects your dexterity (+4).
   rCorr:     It protects you from acid and corrosion.
 J - the +3 broad axe of Ravage {drain, Contam rCorr Int+2}
   (You found it on level 1 of the Lair of Beasts)

   A truly terrible weapon, it drains the life of any living foe it strikes.
   Int:       It affects your intelligence (+2).
   Contam:    It causes magical contamination when unequipped.
   rCorr:     It protects you from acid and corrosion.
Missiles
 d - 8 throwing nets
 u - 65 poisoned darts (quivered)
 w - 8 boomerangs
 D - 6 javelins
 G - 2 silver boomerangs
 I - 3 boomerangs of dispersal
 K - 3 silver javelins
 M - 6 curare-tipped darts
Armour
 l - a +0 pair of gloves (worn)
 p - a +2 chain mail of poison resistance (worn)
 v - a +0 pair of boots (worn)
 y - a +2 kite shield (worn)
 B - a +0 cloak (worn)
Jewellery
 e - a ring of poison resistance
 m - an amulet of regeneration (around neck)
 t - a +6 ring of dexterity (right hand)
 z - the ring of Wisdom {rCorr Dex+2}
   (You found it in a Gauntlet)

   [ring of resist corrosion]

   Dex:       It affects your dexterity (+2).
   rCorr:     It protects you from acid and corrosion.
 C - a ring of protection from fire (left hand)
 R - the ring of Irogg {rN+ EV+4}
   (You took it off a minotaur in a Gauntlet)

   [ring of evasion]

   EV:        It affects your evasion (+4).
   rN:        It protects you from negative energy.
Wands
 x - a wand of digging (8)
 A - a wand of iceblast (19)
 N - a wand of polymorph (12)
 T - a wand of paralysis (2)
 U - a wand of flame (41)
 V - a wand of acid (19)
 Z - a wand of mindburst (5)
Scrolls
 f - 8 scrolls of teleportation
 h - 2 scrolls of enchant armour
 q - 5 scrolls of fear
 r - 3 scrolls of fog
 L - a scroll of enchant weapon
 O - 9 scrolls of identify
 Q - a scroll of silence
 S - 2 scrolls of holy word
 Y - 3 scrolls of magic mapping
Potions
 c - a potion of mutation
 g - 4 potions of heal wounds
 i - 2 potions of resistance
 j - 2 potions of lignification
 k - a potion of ambrosia
 n - a potion of cancellation
 o - 3 potions of haste
 s - 8 potions of curing
 E - 3 potions of might
 F - 2 potions of attraction
 P - a potion of berserk rage
 W - a potion of invisibility
 X - 2 potions of flight
Miscellaneous
 H - a phial of floods


   Skills:
 - Level 10.0 Fighting
 * Level 17.1(17.3) Axes
 - Level 3.6(11.8) Maces & Flails
 - Level 1.7 Throwing
 - Level 6.0 Armour
 - Level 8.0 Dodging
 - Level 4.0 Stealth
 - Level 8.0 Shields
 - Level 10.0 Invocations
 - Level 8.0 Evocations


You had 14 spell levels left.
You didn't know any spells.
Your spell library contained the following spells:

 Spells                   Type           Power      Damage    Failure   Level
 Beastly Appendage        Tmut           0%         N/A       100%        1
 Foxfire                  Conj/Fire      0%         2x1d4     100%        1
 Pain                     Necr           0%         1d4       100%        1
 Sting                    Tmut/Pois      0%         1d3       100%        1
 Blink                    Tloc           0%         N/A       100%        2
 Corpse Rot               Necr/Air       0%         N/A       100%        2
 Poisonous Vapours        Pois/Air       0%         N/A       100%        2
 Wereblood                Tmut           0%         N/A       100%        2
 Conjure Flame            Conj/Fire      0%         6-21      100%        3
 Ignite Poison            Fire/Tmut/Pois 0%         N/A       100%        3
 Inner Flame              Hex/Fire       0%         N/A       100%        3
 Lesser Beckoning         Tloc           0%         N/A       100%        3
 Mephitic Cloud           Conj/Pois/Air  0%         N/A       100%        3
 Ozocubu's Armour         Ice            0%         N/A       100%        3
 Spider Form              Tmut/Pois      0%         N/A       100%        3
 Vampiric Draining        Necr           0%         2d6       100%        3
 Dispel Undead            Necr           0%         3d6       100%        4
 Flame Wave               Conj/Fire      0%         2d4       100%        4
 Olgreb's Toxic Radiance  Pois           0%         N/A       100%        4
 Petrify                  Tmut/Erth      0%         N/A       100%        4
 Alistair's Intoxication  Tmut/Pois      0%         N/A       100%        5
 Blade Hands              Tmut           0%         N/A       100%        5
 Freezing Cloud           Conj/Ice/Air   0%         6-21      100%        5
 Iskenderun's Battlesphe  Conj           0%         2d6       100%        5
 Manifold Assault         Tloc           0%         N/A       100%        5
 Metabolic Englaciation   Hex/Ice        0%         N/A       100%        5
 Yara's Violent Unravell  Hex/Tmut       0%         3d3       100%        5
 Iron Shot                Conj/Erth      0%         9d1       100%        6
 Statue Form              Tmut/Erth      0%         N/A       100%        6
 Storm Form               Tmut/Air       0%         N/A       100%        7
 Shatter                  Erth           0%         3d5*      100%        9
 Animate Skeleton         Necr           Unusable   N/A       N/A         1
 Animate Armour           Summ/Erth      Unusable   N/A       N/A         4
 Death Channel            Necr           Unusable   N/A       N/A         6
 Simulacrum               Ice/Necr       Unusable   N/A       N/A         6
 Spellforged Servitor     Conj/Summ      Unusable   N/A       N/A         7

Dungeon Overview and Level Annotations

Branches:
Dungeon (15/15)            Temple (0/1) D:7            Lair (6/6) D:9
  Swamp (0/4) Lair:4        Snake (0/4) Lair:2        Slime (0/5) Lair:6
    Orc (2/2) D:10            Elf (0/3) Orc:2        Vaults (0/5) D:14
Volcano (visited)         Gauntlet (visited)
 Depths: D:15

Altars:
Hepliaklqana
Nemelex Xobeh
Okawaru
Ru
Uskayaw
Wu Jian
Xom
Yredelemnul
Zin
The Shining One
Beogh
Jiyva

Shops:
D:4 (   D:6 *   Orc:2 [(?![

Portals:
Abyss: D:7

Annotations:
Lair:6 1 runed translucent door
Orc:1 3 runed translucent doors, burt's ghost, journeyman DrCj


Innate Abilities, Weirdness & Mutations

You have a pair of large antennae on your head. (SInv)
You are mostly covered in molten scales. (AC +3)
You regenerate a little health from kills.
You sometimes gain power by taking damage.


Message History

Two slime creatures merge to form a titanic slime creature.
You hit the titanic slime creature. You burn the titanic slime creature.
The titanic slime creature is lightly wounded.
Unknown command.
Unknown command.
You slice the titanic slime creature!! You burn the titanic slime creature!
The titanic slime creature is moderately wounded.
You hear a shout!
You block the titanic slime creature's attack.
Unknown command.
You slash the titanic slime creature! You burn the titanic slime creature.
The titanic slime creature is moderately wounded.
The titanic slime creature barely misses you.
Unknown command.
You slash the titanic slime creature! You burn the titanic slime creature.
The titanic slime creature is moderately wounded.
You block the titanic slime creature's attack.
Unknown command.
You hit the titanic slime creature. You burn the titanic slime creature.
The titanic slime creature is moderately wounded.
The titanic slime creature barely misses you.
Unknown command.
You slice the titanic slime creature!! You burn the titanic slime creature.
The titanic slime creature is heavily wounded.
A cyclops comes into view.
You block the titanic slime creature's attack.
Unknown command.
The cyclops shouts!
You slice the titanic slime creature!! You burn the titanic slime creature!
The titanic slime creature is heavily wounded.
Unknown command.
You slice the titanic slime creature!! You burn the titanic slime creature!
The titanic slime creature is severely wounded.
The titanic slime creature hits you!!
Unknown command.
You slash the titanic slime creature! You burn the titanic slime creature.
The titanic slime creature is severely wounded.
The titanic slime creature hits you!!!!
Ouch! That really hurt!
You die...

#...#. ##.....
#...... #...[..
#......## #
#.......## (##
#.......<# ...##
##....#..##.....#
#... ##.@JJC8...
#.. #####...## ##
.#


You could see a titanic slime creature, a slime creature and a cyclops.

Vanquished Creatures
  Gastronok (D:11)
  Azrael (D:13)
  A minotaur (Gauntlet)
  A red draconian (Volcano)
  The ghost of Bukhlaj the Cleaver, a journeyman HOFi of Beogh (Lair:1)
  Snorg (Orc:1)
  Harold (D:9)
  Josephine (D:11)
  A boulder beetle (Lair:6)
  10 hydras
  Erica (D:9)
  A catoblepas (Lair:4)
  5 two-headed ogres
  2 centaur warriors (D:14)
  3 tengu warriors
  An orc high priest (Orc:2)
  A deep elf knight (D:14)
  4 skeletal warriors (D:13)
  A salamander mystic (Volcano)
  2 deep elf zephyrmancers (D:14)
  2 deep elf pyromancers (D:14)
  A wolf spider (Gauntlet)
  2 ugly things
  6 orc sorcerers
  2 orc knights
  4 salamanders (Volcano)
  A moth of wrath (Gauntlet)
  A centaur zombie (D:11)
  A toenail golem (D:7)
  5 cyclopes
  6 elephants
  2 manticores
  A black mamba (Lair:4)
  2 molten gargoyles (Volcano)
  10 cane toads
  Maggie (Lair:1)
  3 gargoyles
  An unseen horror (D:11)
  5 yaktaurs (D:14)
  6 rime drakes
  2 minotaur zombies (Gauntlet)
  A kobold demonologist (D:14)
  6 komodo dragons
  A tengu conjurer (D:14)
  An ice devil (Gauntlet)
  A queen bee (Gauntlet)
  The ghost of Rayvis the Chopper, an amateur MiFi (D:7)
  3 trolls
  3 slime creatures (D:12)
  11 polar bears
  18 blink frogs
  3 raiju (Lair:6)
  5 dream sheep
  4 yaks (Lair:5)
  5 wraiths
  A shadow (D:10)
  8 basilisks
  10 wyverns
  4 fire elementals (D:13)
  2 fire bats (Volcano)
  5 steam dragons
  A small abomination (D:7)
  A chaos spawn (D:7)
  9 vampire mosquitoes
  4 redbacks (Gauntlet)
  Menkaure (D:5)
  6 acid dragons
  4 wargs (Lair:6)
  Edmund (D:5)
  16 water moccasins
  20 hell hounds
  27 orc warriors
  8 sky beasts
  2 ice beasts
  16 black bears
  2 necrophages
  4 ogres
  28 wolves
  A phantom (D:5)
  9 centaurs
  5 kobold brigands
  20 bullfrogs
  2 gnoll sergeants
  3 scorpions
  13 wights
  9 killer bees
  A howler monkey (D:6)
  A crimson imp (D:7)
  4 lava snakes (Volcano)
  7 jellies
  6 hounds
  23 orc priests
  A bullfrog skeleton (D:5)
  2 gnoll shamans
  Crazy Yiuf (D:7)
  A centaur skeleton (D:7)
  2 iguanas (D:4)
  7 hell rats (Lair:6)
  42 orc wizards
  3 killer bee zombies
  A hound zombie (D:5)
  A hound skeleton (D:4)
  18 gnolls
  4 adders
  A howler monkey skeleton (D:5)
  A shadow imp (D:8)
  2 white imps
  An ufetubus (D:5)
  An adder skeleton (D:4)
  A worm (D:4)
  3 dart slugs
  66 orcs
  10 ball pythons
  2 endoplasms
  5 giant cockroaches
  6 goblins
  4 hobgoblins
  8 jackals
  5 quokkas
  8 bats
  2 frilled lizards
  A jackal skeleton (D:4)
  14 kobolds
  4 rats
679 creatures vanquished.

Vanquished Creatures (others)
  14 demonic plants (Gauntlet)
  24 fungi
  59 plants
97 creatures vanquished.

Grand Total: 776 creatures vanquished

Notes
Turn   | Place    | Note
-------+----------+-------------------------------------------
     0 | D:1      | tilp the Demonspawn Gladiator began the quest for the Orb.
     0 | D:1      | Reached XP level 1. HP: 16/16 MP: 1/1
   126 | D:1      | Gained mutation: You are partially covered in molten
                  | scales. (AC +2) [demonic ancestry]
   126 | D:1      | Reached XP level 2. HP: 22/22 MP: 2/2
   539 | D:1      | Found a faded altar of an unknown god.
   718 | D:1      | Prayed at the altar of an unknown god.
   718 | D:1      | Became a worshipper of Warmaster Okawaru
   718 | D:1      | Reached * piety under Okawaru
   906 | D:1      | Got the Papyrus of Shifting Earth
  1179 | D:2      | Found a hazy altar of Hepliaklqana.
  1218 | D:2      | Reached XP level 3. HP: 26/28 MP: 3/3
  2143 | D:3      | You fall into a shaft and drop 3 floors!
  2278 | D:5      | Entered Level 5 of the Dungeon
  2278 | D:5      | Noticed a necrophage
  2308 | D:5      | Killed a necrophage
  2309 | D:5      | Reached skill level 1 in Axes
  2309 | D:5      | Reached XP level 4. HP: 34/35 MP: 2/4
  2309 | D:5      | Gained mutation: You are mostly covered in molten scales.
                  | (AC +3) [demonic ancestry]
  2309 | D:5      | Reached XP level 5. HP: 40/41 MP: 2/5
  2328 | D:4      | Reached skill level 2 in Axes
  2889 | D:4      | Reached XP level 6. HP: 39/46 MP: 6/6
  2924 | D:4      | Found Neitzaf's Antique Weapon Emporium.
  2940 | D:4      | Reached skill level 3 in Axes
  3165 | D:4      | Reached ** piety under Okawaru
  3166 | D:4      | Reached skill level 4 in Axes
  3207 | D:4      | Reached XP level 7. HP: 35/54 MP: 4/7
  3226 | D:4      | Reached skill level 5 in Axes
  3406 | D:4      | Reached skill level 1 in Invocations
  3915 | D:5      | Reached XP level 8. HP: 60/60 MP: 11/11
  3930 | D:5      | Noticed Edmund
  3950 | D:5      | Killed Edmund
  3951 | D:5      | Reached skill level 6 in Axes
  3951 | D:5      | Reached *** piety under Okawaru
  4038 | D:5      | Reached skill level 5 in Fighting
  4057 | D:5      | Reached skill level 7 in Axes
  4205 | D:5      | Noticed Menkaure
  4211 | D:5      | Killed Menkaure
  4429 | D:6      | Reached skill level 1 in Armour
  4429 | D:6      | Reached skill level 1 in Shields
  4513 | D:6      | Found a hide-covered altar of Uskayaw.
  4522 | D:6      | Found a basalt altar of Yredelemnul.
  4623 | D:6      | Gained mutation: You have a pair of small antennae on your
                  | head. [demonic ancestry]
  4623 | D:6      | Reached XP level 9. HP: 69/69 MP: 12/12
  4735 | D:6      | Reached **** piety under Okawaru
  4736 | D:6      | Reached skill level 8 in Axes
  4738 | D:6      | Found Paafrirch's General Store.
  4750 | D:6      | Identified the +9 falchion of Incongruity {vorpal, Fly}
  5138 | D:7      | Found a staircase to the Ecumenical Temple.
  5218 | D:7      | Reached skill level 9 in Axes
  5337 | D:7      | Found a transporter.
  5363 | D:7      | Noticed a toenail golem
  5378 | D:7      | Found a transporter.
  5392 | D:7      | Noticed Rayvis's ghost (amateur MiFi)
  5393 | D:7      | Found a one-way gate to the infinite horrors of the Abyss.
  5412 | D:7      | Received a gift from Okawaru
  5586 | D:7      | Found a runed translucent door.
  5587 | D:7      | Noticed Crazy Yiuf
  5966 | D:7      | Killed Crazy Yiuf
  6131 | D:8      | Noticed a two-headed ogre
  6135 | D:8      | Reached skill level 1 in Stealth
  6143 | D:8      | Killed a two-headed ogre
  6143 | D:8      | Reached ***** piety under Okawaru
  6144 | D:8      | Reached skill level 10 in Axes
  6144 | D:8      | Reached skill level 1 in Evocations
  6144 | D:8      | Gained mutation: You have a pair of antennae on your head.
                  | [demonic ancestry]
  6144 | D:8      | Reached XP level 10. HP: 45/76 MP: 11/13
  6631 | D:9      | Reached skill level 5 in Invocations
  6693 | D:9      | Noticed a gargoyle
  6703 | D:9      | Killed a gargoyle
  7092 | D:9      | Found a shimmering altar of Xom.
  7143 | D:9      | Identified the +8 war axe of Execution {venom, rCorr Dex+4}
  7236 | D:9      | Found an ornate altar of the Wu Jian Council.
  7267 | D:9      | Noticed Erica
  7285 | D:9      | Killed Erica
  7285 | D:9      | Received a gift from Okawaru
  7518 | D:9      | Found a staircase to the Lair.
  7572 | D:9      | Reached skill level 5 in Dodging
  7590 | D:9      | Found a sacrificial altar of Ru.
  7593 | D:9      | Found a sparkling altar of Nemelex Xobeh.
  7719 | D:10     | Entered Level 10 of the Dungeon
  7789 | D:10     | Found a staircase to the Orcish Mines.
  7994 | D:10     | Gained mutation: You sometimes gain a little power by
                  | taking damage. [demonic ancestry]
  7994 | D:10     | Reached XP level 11. HP: 73/83 MP: 15/15
  8543 | D:11     | Noticed Josephine
  8550 | D:11     | Killed Josephine
  8556 | D:11     | Reached ****** piety under Okawaru
  8564 | D:11     | Received a gift from Okawaru
  8565 | D:11     | Reached skill level 11 in Axes
  8597 | D:11     | Found a gate leading to a gauntlet.
  8603 | Gauntlet | Entered a Gauntlet
  8603 | Gauntlet | Found a transporter.
  8603 | Gauntlet | Found a transporter.
  8604 | Gauntlet | Found a transporter.
  8606 | Gauntlet | Found a transporter.
  8607 | Gauntlet | Found a transporter.
  8610 | Gauntlet | Noticed a blizzard demon
  8614 | Gauntlet | Noticed a wolf spider
  8617 | Gauntlet | Found a transporter.
  8621 | Gauntlet | Found a transporter.
  8624 | Gauntlet | Noticed a blizzard demon
  8628 | Gauntlet | Noticed a wretched star
  8636 | Gauntlet | Found a transporter.
  8637 | Gauntlet | Found a transporter.
  8655 | Gauntlet | Found a transporter.
  8659 | Gauntlet | Found a transporter.
  8669 | Gauntlet | Found a transporter.
  8853 | Gauntlet | Killed a wolf spider
  8899 | Gauntlet | Identified the ring of Wisdom {rCorr Dex+2}
  9014 | Gauntlet | Identified the ring of Irogg {rN+ EV+4}
  9014 | Gauntlet | Noticed a minotaur
  9026 | Gauntlet | Killed a minotaur
  9062 | Gauntlet | Identified the +10 hunting sling of the Omega Point {venom,
                  | rCorr Str-5 Int+3 SInv}
  9265 | D:11     | Noticed Gastronok
  9281 | D:11     | Killed Gastronok
  9282 | D:11     | Reached skill level 5 in Evocations
  9346 | D:11     | Reached skill level 12 in Axes
  9668 | Lair:1   | Entered Level 1 of the Lair of Beasts
  9697 | Lair:1   | Noticed Harold
  9698 | Lair:1   | Gained mutation: You sometimes gain power by taking damage.
                  | [demonic ancestry]
  9698 | Lair:1   | Reached XP level 12. HP: 79/92 MP: 16/16
  9728 | D:9      | Killed Harold
  9836 | Lair:1   | Noticed Maggie
  9854 | Lair:1   | Killed Maggie
  9921 | Lair:1   | Identified the -6 buckler of Hushreom {Str+6} (Okawaru
                  | gifted it to you on level 1 of the Lair of Beasts)
  9921 | Lair:1   | Received a gift from Okawaru
 10121 | Lair:1   | Found a runed translucent gate.
 10121 | Lair:1   | Found a runed translucent gate.
 10121 | Lair:1   | Found a runed translucent gate.
 10121 | Lair:1   | Noticed Bukhlaj's ghost (journeyman HOFi)
 10121 | Lair:1   | Noticed a ten-headed hydra
 10122 | Lair:1   | Noticed an 11-headed hydra
 10790 | Lair:2   | Reached skill level 13 in Axes
 11221 | Lair:2   | Found a staircase to the Snake Pit.
 11226 | Lair:2   | Noticed a six-headed hydra
 11234 | Lair:2   | Killed a two-headed hydra
 11651 | Lair:3   | Noticed a seven-headed hydra
 11663 | Lair:3   | Killed a two-headed hydra
 12104 | Lair:3   | Reached skill level 5 in Armour
 12556 | Lair:4   | Identified the -2 hat "Unonauwe" {+Blink rPois} (Okawaru
                  | gifted it to you on level 4 of the Lair of Beasts)
 12556 | Lair:4   | Received a gift from Okawaru
 12562 | Lair:4   | Gained mutation: You have a pair of large antennae on your
                  | head. (SInv) [demonic ancestry]
 12562 | Lair:4   | Reached XP level 13. HP: 98/99 MP: 18/18
 12606 | Lair:4   | Found a staircase to the Swamp.
 12642 | Lair:4   | Found a dark tunnel.
 12660 | Volcano  | Entered a volcano
 12723 | Volcano  | Found a burning altar of Makhleb.
 12979 | Volcano  | Noticed a red draconian
 12997 | Volcano  | Killed a red draconian
 12998 | Volcano  | Reached skill level 5 in Shields
 14091 | Lair:5   | Identified the +2 scale mail of the Sun {Rampage rCorr
                  | Dex+4}
 14395 | Lair:5   | Reached skill level 14 in Axes
 14483 | Lair:5   | You fall into a shaft and drop 1 floor!
 14483 | Lair:6   | Entered Level 6 of the Lair of Beasts
 14540 | Lair:6   | Received a gift from Okawaru
 15097 | Lair:5   | Gained mutation: You regenerate a little health from kills.
                  | [demonic ancestry]
 15097 | Lair:5   | Reached XP level 14. HP: 108/108 MP: 20/20
 15162 | Lair:5   | Identified the +0 ring mail "Iluramousm" {Rampage rCorr
                  | Int+9 Stlth-} (Okawaru gifted it to you on level 5 of the
                  | Lair of Beasts)
 15162 | Lair:5   | Received a gift from Okawaru
 15537 | Lair:6   | Found a runed translucent door.
 15538 | Lair:6   | Found a viscous altar of Jiyva.
 15540 | Lair:6   | Noticed an acid blob
 15541 | Lair:6   | Found a staircase to the Slime Pits.
 15541 | Lair:6   | Noticed an acid blob
 16250 | Orc:1    | Entered Level 1 of the Orcish Mines
 16391 | Orc:1    | Noticed Sonja
 16418 | Orc:1    | Noticed Sonja
 16418 | Orc:1    | Sonja changed into Sonja the basilisk
 16459 | Orc:1    | Killed Sonja the basilisk
 16504 | Orc:1    | Found a runed translucent gate.
 16505 | Orc:1    | Found a runed translucent gate.
 16505 | Orc:1    | Noticed burt's ghost (journeyman DrCj)
 16506 | Orc:1    | Found a runed translucent gate.
 16519 | Orc:1    | Noticed an orc warlord
 16521 | Orc:1    | Identified the +6 short sword "Imaenan" {drain, Will+}
 16521 | Orc:1    | Identified the ring of Hesyv {Fly rC+ rN++ Will+ Stlth+}
 16658 | Orc:1    | Noticed Snorg
 16668 | Orc:1    | Killed Snorg
 16669 | Orc:1    | Reached skill level 10 in Fighting
 17119 | D:7      | Killed Rayvis's ghost
 17302 | Lair:1   | Killed Bukhlaj's ghost
 17303 | Lair:1   | Reached skill level 10 in Invocations
 17309 | Lair:1   | Reached skill level 15 in Axes
 17314 | Lair:1   | Identified the +3 broad axe of Ravage {drain, Contam rCorr
                  | Int+2}
 17496 | Orc:2    | Entered Level 2 of the Orcish Mines
 17515 | Orc:2    | Found Nierobe's Armour Shop.
 17720 | Orc:2    | Received a gift from Okawaru
 17984 | Orc:2    | Found a staircase to the Elven Halls.
 18158 | Orc:2    | Found Xipyos's Armour Shoppe.
 18158 | Orc:2    | Found Mouremac's Antique Weapon Shoppe.
 18159 | Orc:2    | Found Vohousud's Distillery.
 18163 | Orc:2    | Found Nyvvoidd's Magic Scroll Emporium.
 18168 | Orc:2    | Bought a potion of heal wounds for 65 gold pieces
 18168 | Orc:2    | Bought a potion of heal wounds for 65 gold pieces
 18169 | Orc:2    | Bought a scroll of fog for 30 gold pieces
 18169 | Orc:2    | Bought a scroll of enchant weapon for 112 gold pieces
 18169 | Orc:2    | Bought a scroll of enchant weapon for 112 gold pieces
 18169 | Orc:2    | Bought a scroll of enchant weapon for 112 gold pieces
 18542 | Orc:2    | Bought a potion of berserk rage for 65 gold pieces
 18542 | Orc:2    | Bought a potion of curing for 39 gold pieces
 18542 | Orc:2    | Bought a potion of curing for 39 gold pieces
 18542 | Orc:2    | Bought a potion of curing for 39 gold pieces
 19577 | D:13     | Noticed Azrael
 19605 | D:13     | Killed Azrael
 19606 | D:13     | Reached skill level 16 in Axes
 19880 | D:13     | Reached XP level 15. HP: 95/115 MP: 16/22
 20786 | D:14     | Found a sparkling altar of Nemelex Xobeh.
 21083 | D:14     | Reached skill level 17 in Axes
 21224 | D:14     | Found a gate to the Vaults.
 21280 | D:15     | Entered Level 15 of the Dungeon
 21296 | D:15     | Demolished by a titanic slime creature

Illustrated notes

Levels and vault maps discovered:
D:1:      lightli_arrival_noodles, layout_loops_ring,
          shapermc_ecumenical_altar_hornbeckon, roderic_lattice_a,
          minmay_crystal_water
D:2:      layout_loops_ring, basic_altar
D:3:      layout_rooms, chequers_serial_rivers_large_a, dk_noncrumbling_4
D:4:      wad_pebble_path, layout_gridville, serial_shops, shop, minmay_vboxes
D:5:      layout_rooms, uniq_edmund, uniq_menkaure
D:6:      layout_basic, mainiacjoe_overflow_swirl, serial_shops, shop,
          kennysheep_potato
D:7:      layout_loops_ring, minmay_temple_entry_ruins,
          gammafunk_ghost_abyssal_escape, uniq_crazy_yiuf_cottage
D:8:      layout_rooms
D:9:      layout_gridville, kennysheep_mini, nicolae_overflow_hidden_temple,
          erik_lair_island, solitary_fountain, kennysheep_generic_room_14,
          uniq_erica
D:10:     layout_long_grid, david_orc_3, hangedman_misty_isle
D:11:     layout_roguey, gauntlet_entry_generic, serial_corexii_hall,
          chequers_hall_statues_y, corexii_hall_statues_i,
          hangedman_decor_riveting, uniq_gastronok, uniq_josephine
D:12:     layout_cave_pods
D:13:     layout_layer_cave, uniq_azrael
D:14:     layout_loops_ring, hangedman_vaults_entry_quadrant_bands,
          nemelex_lonely_heart_becter
D:15:     grunt_enter_depths_snipers, layout_cave_pods, serial_shops, shop,
          grunt_ministairs_14, drop_trap, roderic_malta_cross
Lair:1:   layout_small_grid, gammafunk_ghost_hydra_chop, grunt_megastairs_2,
          uniq_harold, uniq_maggie
Lair:2:   layout_roguey, dummy_snake_entry, lemuel_fruit_tree
Lair:3:   layout_chaotic_city, wad_woods_river_01
Lair:4:   layout_roguey, swamp_mist, lightli_volcano_entry_magma_tube,
          st_stairs_6, grunt_megastairs_4
Lair:5:   cheibrodos_lair_river_kwai, layout_misc_corridors
Lair:6:   hangedman_lair_caniforms_friends, layout_hall_layers, slime_altar_2,
          special_room [special_room_mythical_zoo]
Orc:1:    layout_caves, biasface_ghost_orc_armoury, uniq_sonja, uniq_snorg
Orc:2:    st_orc_mages, layout_caves, basic_altar, serial_shops,
          nicolae_shop_crystal

Skill      XL: |  1  2  3  4  5  6  7  8  9 10 11 12 13 14 15 |
---------------+----------------------------------------------+-----
Maces & Flails | 3 |  3.6
Dodging        | 3 4 5 6 7 8 |  8.0
Fighting       | 3 4 5 6 8 9 10 | 10.0
Axes           | 1 2 4 5 7 10 12 13 14 16 17 | 17.1
Invocations    | 4 6 7 9 10 | 10.0
Armour         | 1 2 3 4 5 6 |  6.0
Shields        | 1 2 3 4 6 8 |  8.0
Stealth        | 1 3 4 |  4.0
Evocations     | 1 3 5 6 7 8 |  8.0
Throwing       | |  1.7

Action                   |  1- 3 |  4- 6 |  7- 9 | 10-12 | 13-15 || total
-------------------------+-------+-------+-------+-------+-------++-------
Melee: Flail             |   149 |       |       |       |       ||   149
       Punch             |     2 |       |       |       |       ||     2
       War axe           |    16 |    86 |   265 |   592 |   340 ||  1299
       Broad axe         |       |       |       |       |   638 ||   638
Throw: Throwing net      |       |     2 |       |       |       ||     2
       Dart              |       |       |       |     4 |       ||     4
Invok: Heroism           |     3 |     1 |     7 |    17 |    18 ||    46
       Finesse           |       |       |       |     3 |    10 ||    13
Evoke: Wand              |       |       |       |     6 |     6 ||    12
  Use: Scroll            |     6 |     6 |     3 |    13 |    10 ||    38
       Potion            |       |       |       |     2 |     2 ||     4
 Stab: Sleeping          |     1 |       |       |     1 |       ||     2
Armor: Leather armour    |    58 |       |       |       |       ||    58
       Ring mail         |     9 |    39 |   116 |     7 |       ||   171
       Chain mail        |       |       |       |   216 |   331 ||   547
Dodge: Dodged            |   155 |    65 |   200 |   211 |   300 ||   931
Block: Buckler           |       |       |    33 |    45 |       ||    78
       Kite shield       |       |       |       |   279 |   606 ||   885
